[Event "*** Titled Tuesday Blitz"]
[Site "Chess.com"]
[Date "2020.04.14"]
[Round "1"]
[White "jaskol95"]
[Black "fmshawnrl123"]
[Result "0-1"]
[WhiteElo "2401"]
[BlackElo "2774"]
[TimeControl "180+1"]
[EndTime "10:08:07 PDT"]
[Termination "fmshawnrl123 won by resignation"]

1. d4 Nf6 2. Bf4 c5 3. e3 cxd4 4. exd4 d5 5. c3 Nc6 6. Nd2 Bg4 7. Ngf3 e6 8. Qa4 Bxf3 9. Nxf3 Bd6 10. Ba6 Bxf4 11. Bxb7 O-O 12. Bxc6 Rb8 13. Rb1 Qc7 14. g3 Bd6 15. Bb5 Rb6 16. Bd3 Rfb8 17. Qc2 Ba3 18. b4 Rc6 19. Rb3 Bxb4 20. O-O Rxc3 21. Rxc3 Qxc3 22.
Rb1 Qxc2 23. Bxc2 a5 24. Kf1 Kf8 25. Ke2 Bd6 26. Rxb8+ Bxb8 27. Nd2 Bc7 28. Nb3 Nd7 29. Nc5 Nb8 30. Kd3 Ke7 31. Kc3 h6 32. f4 Nc6 33.
a3 Nb8 34. Nd3 Bd6 35. Nc5 Bxc5 36. dxc5 Nd7 37. Kd4 Kd8 38. Ba4 Nb8 39. Bb5 Kc7 40. f5 exf5 41. Kxd5 g6 42. c6 g5 43. Kc5 f4 44. gxf4 gxf4 45. Kd4 Nxc6+ 46. Ke4 f3 47. Bxc6 Kxc6 48. Kxf3 Kb5 49. Kg4 Ka4 50. Kh5 Kxa3 51. Kxh6 Kb4 52. Kg7 a4 53. h4 a3 54. h5 a2 55. h6 a1=Q+ 56. Kg8 f5 57. h7 f4 58.
h8=Q Qxh8+ 59. Kxh8 f3 60. Kg7 f2 61. Kg6 f1=Q 62.
Kg5 0-1

[Event "*** Titled Tuesday Blitz"]
[Site "Chess.com"]
[Date "2020.04.14"]
[Round "1"]
[White "Spring199"]
[Black "Riazantsev"]
[Result "1-0"]
[WhiteElo "2319"]
[BlackElo "2627"]
[TimeControl "180+1"]
[EndTime "10:08:07 PDT"]
[Termination "Spring199 won by resignation"]

1. d4 d5 2. c4 e6 3. Nc3 Bb4 4. e3 Nf6 5. Ne2 O-O 6. a3 Bd6 7. Ng3 c5 8. dxc5 Bxc5 9. b4 Be7 10. Bb2 a5 11. b5 dxc4 12. Bxc4 Nbd7 13. O-O Nb6 14.
Ba2 Qxd1 15. Rfxd1 Bd7 16. a4 Rfc8 17. Rac1 Be8 18. Bb3 Nc4 19. Ba1 Bb4 20. Nce4 Nxe4 21. Nxe4 Nb6 22. Bb2 Nd5 23. Bxd5 exd5 24. Rxd5 Rxc1+ 25.
Bxc1 Rc8 26. Bd2 Rc2 27. Rd8 Kf8 28. h4 Ke7 29. Rd3 f5 30. Bxb4+ axb4 31. Nd6 Rc1+ 32. Kh2 Rc3 33. Nxf5+ Kf6 34. Rxc3 bxc3 35. Nd4 Bg6 36.
a5 c2 37. Nb3 Bf7 38. Nc1 Bc4 39. b6 Ke5 40. Kg3 Ke4 41. h5 h6 42. Kg4 Be6+ 43.
Kg3 Bc8 44. Kh4 Kd5 45. g4 Kc4 46. f4 Kc3 47. g5 Kd2 48. Nb3+ Kc3 49. Nc1 Kb4 50. e4 Kxa5 51. f5 Bd7 52. f6 gxf6 53. gxh6 Kxb6 54. h7 Kc5 55. h8=Q Bc6 56. Qxf6 b5 57. Qc3+ Kd6 58. Qxc2 1-0

[Event "*** Titled Tuesday Blitz"]
[Site "Chess.com"]
[Date "2020.04.14"]
[Round "1"]
[White "JakubPulpan"]
[Black "pichonazo"]
[Result "1-0"]
[WhiteElo "2757"]
[BlackElo "2342"]
[TimeControl "180+1"]
[EndTime "10:08:08 PDT"]
[Termination "JakubPulpan won on time"]

1. e4 Nc6 2. Nf3 d6 3. d4 Nf6 4. d5 Nb8 5. Nc3 Bg4 6. Be2 g6 7. O-O Bg7 8. a4 O-O 9. Be3 c6 10. h3 Bxf3 11. Bxf3 cxd5 12. exd5 Nbd7 13. Bd4 a6 14.
Re1 Re8 15. Qd2 Qc7 16. Ra3 Nc5 17. b4 Ncd7 18. Rb3 Ne5 19. Bxe5 dxe5 20. Qe2 Nd7 21.
Ne4 Rac8 22. Rc3 Qb6 23. Rb3 Qc7 24. c3 h6 25. Rd1 Red8 26. d6 exd6 27. Nxd6 Rb8 28.
Nxb7 Rxb7 29. Bxb7 Qxb7 30. c4 Rc8 31. Rdb1 e4 32. c5 Ne5 33. b5 axb5 34. Qxb5 Qe7 35.
a5 Rxc5 36. Qb8+ Kh7 37. a6 Rc2 38. a7 Qf6 39. Qb6 Rc6 40. Qe3 Ra6 41. Rb8 Nc4 42.
Qxe4 Rxa7 43. Qxc4 Ra2 44. Qc5 h5 45. Qe3 1-0

[Event "*** Titled Tuesday Blitz"]
[Site "Chess.com"]
[Date "2020.04.14"]
[Round "1"]
[White "Lucas_Tomiello"]
[Black "Olkaa"]
[Result "1-0"]
[WhiteElo "2345"]
[BlackElo "2659"]
[TimeControl "180+1"]
[EndTime "10:08:09 PDT"]
[Termination "Lucas_Tomiello won on time"]

1. e4 c5 2. Nf3 e6 3. d4 cxd4 4.
Nxd4 Nc6 5. Nc3 Qc7 6. a3 a6 7. f4 b5 8. Nxc6 Qxc6 9. Bd3 Bb7 10. O-O Nf6 11. Kh1 Bc5 12. Qe2 h5 13. e5 Ng4 14.
Be4 Qb6 15. Bxb7 Qxb7 16. Ne4 Rc8 17. Bd2 Be7 18. Bb4 Rc4 19. Rae1 Qc6 20. c3 f5 21. exf6 Nxf6 22. Ng5 Bxb4 23. axb4 O-O 24. Rd1 Qc7 25. g3 Qc6+ 26. Qg2 Qxg2+ 27. Kxg2 Ra8 28. Ra1 Rc6 29. Ra5 Nd5 30. Rfa1 Ne3+ 31. Kf3 Nc4 32. Rxb5 Nxb2 33. Rb7 Rxc3+ 34. Kg2 Rd3 35. b5 a5 36.
b6 a4 37. Ra7 Rb8 38. Ne4 Rxb6 39.
Ra8+ Kf7 40. Ng5+ Ke7 41. Rc1 Rd2+ 42. Kh3 Rc6 43. Rxc6 dxc6 44. Ra7+ Ke8 45. Rxg7 a3 46. Ra7 Nc4 47. Nxe6 a2 48. Nc7+ Kd7 49. Nb5+ Ke6 50. Nc3 Rc2 51. Nxa2 Nd2 52. Nb4 Rb2 53. Nd3 Rc2 54. Ne5 1-0

[Event "*** Titled Tuesday Blitz"]
[Site "Chess.com"]
[Date "2020.04.14"]
[Round "1"]
[White "Monmoransy"]
[Black "Eloist"]
[Result "1-0"]
[WhiteElo "2613"]
[BlackElo "2265"]
[TimeControl "180+1"]
[EndTime "10:08:09 PDT"]
[Termination "Monmoransy won on time"]

1. e4 e6 2. d4 d5 3. exd5 exd5 4. Nf3 Bf5 5. Bd3 Bxd3 6. Qxd3 Nc6 7. O-O Bd6 8. c4 dxc4 9. Qxc4 Nge7 10. Nc3 O-O 11. Bg5 h6 12. Bh4 Qd7 13. Rad1 Nf5 14. Bg3 Nxg3 15.
hxg3 Rfe8 16. a3 Rad8 17. Rfe1 Rxe1+ 18. Rxe1 a6 19. Ne4 Bf8 20. Rd1 Qd5 21. Qc2 Qf5 22. Qd3 Re8 23. Re1 Rd8 24. Qe3 Qd5 25. Rd1 Ne7 26.
Nc3 Qd6 27. Ne5 f6 28. Nf3 Nd5 29. Nxd5 Qxd5 30. Re1 c6 31. Re2 Bd6 32. Nh4 Qg5 33. f4 Qd5 34. Ng6 Bf8 35. Rd2 Kf7 36. Nh4 c5 37.
Qd3 cxd4 38. Qg6+ Kg8 39. Nf5 Kh8 40. Kh2 d3 41. Nh4 Qd7 42. Qe4 b5 43. Ng6+ Kg8 44. a4 Qd5 45. Ne7+ Bxe7 46. Qxe7 Qd6 47. Qe4 b4 48. a5 Qd4 49. Qe6+ Kh7 50. Qxa6 Qe3 51.
Rd1 d2 52. Qb6 1-0

[Event "*** Titled Tuesday Blitz"]
[Site "Chess.com"]
[Date "2020.04.14"]
[Round "1"]
[White "Chesswizard_2007"]
[Black "freshfoodcompany"]
[Result "1-0"]
[WhiteElo "2604"]
[BlackElo "2236"]
[TimeControl "180+1"]
[EndTime "10:08:09 PDT"]
[Termination "Chesswizard_2007 won on time"]

1. d4 d5 2. c4 e6 3. Nc3 Be7 4. cxd5 exd5 5. Bf4 c6 6. e3 Bd6 7. Bxd6 Qxd6 8. Nf3 Bf5 9. Qb3 b6 10. Ne5 Ne7 11. Bd3 Nd7 12. Bxf5 Nxf5 13. Nxd7 Qxd7 14. O-O O-O 15. Rac1 Rac8 16. Ne2 Rfd8 17. Rc3 Nd6 18. Rfc1 Nc4 19. Qc2 Rc7 20. b3 Na3 21. Qd3 Nb5 22.
R3c2 Rdc8 23. Ng3 Nd6 24. h3 Qe8 25. Nf5 Nxf5 26. Qxf5 Qe6 27. Qf4 h6 28. b4 Qe7 29.
a3 a5 30. bxa5 bxa5 31. Rc5 a4 32. Qf5 Qd6 33. Qc2 Ra7 34. g3 Ra6 35. Qa2 Rca8 36.
Qb1 g6 37. Qb7 R8a7 38. Qc8+ Kg7 39. h4 Ra8 40. Qg4 h5 41. Qd1 Rb8 42. R1c3 Rbb6 43. Qc2 Qd7 44. Kg2 Qb7 45. Qd3 Rb3 46. Qc2 Rb2 47.
Qd3 Rb3 48. Qe2 Rb2 49. Rc2 Rxc2 50. Rxc2 Rb6 51. Qd1 Qa6 52. Rc3 Qb5 53. Qc2 Qa6 54. Rc5 Qa8 55. e4 dxe4 56. Qxe4 Rb3 57. Qe5+ Kh7 58.
Qf4 1-0

[Event "*** Titled Tuesday Blitz"]
[Site "Chess.com"]
[Date "2020.04.14"]
[Round "1"]
[White "BlackGod93"]
[Black "GMHess"]
[Result "0-1"]
[WhiteElo "2425"]
[BlackElo "2810"]
[TimeControl "180+1"]
[EndTime "10:08:10 PDT"]
[Termination "GMHess won by resignation"]

1. Nf3 g6 2. c4 Bg7 3. d4 a6 4.
Nc3 e6 5. e4 Ne7 6. Be2 d6 7.
h4 h6 8. Be3 Nd7 9. Qd2 b6 10.
O-O-O Bb7 11. h5 g5 12. Nxg5 hxg5 13. Bxg5 Bf6 14. g4 Nc6 15. Be3 e5 16. dxe5 dxe5 17.
g5 Be7 18. g6 Nf6 19. Qxd8+ Rxd8 20. g7 Rxd1+ 21. Bxd1 Rh7 22. h6 Nd4 23. Bxd4 exd4 24. e5 Ng8 25. Nd5 Bxd5 26. cxd5 Rxh6 27. Rxh6 Bg5+ 28.
Kc2 Bxh6 29. Kd3 Bxg7 30. f4 Bh6 31. Ke4 Ke7 32. f5 f6 33. e6 Bc1 34. b4 Be3 35. Be2 Kd6 36. Bxa6 Ne7 37. Bb7 Bd2 38. a3 Bc1 39. a4 Bd2 40. Kxd4 Bxb4 41. Ke4 Ba3 42.
Ba6 Nxd5 43. Bb5 Ne7 44. Bd7 c6 45. Be8 Kc5 46. Bd7 b5 47. axb5 cxb5 48. Be8 b4 49.
Kd3 Nxf5 50. Ba4 Ne7 51. Bb3 Kd6 52. Kc4 Kxe6 53. Kb5+ Ke5 54. Kc4 f5 55. Kd3 f4 56.
Ke2 Nf5 0-1

[Event "*** Titled Tuesday Blitz"]
[Site "Chess.com"]
[Date "2020.04.14"]
[Round "1"]
[White "Keks2017"]
[Black "Sam_ChessMood"]
[Result "0-1"]
[WhiteElo "2485"]
[BlackElo "2913"]
[TimeControl "180+1"]
[EndTime "10:08:12 PDT"]
[Termination "Sam_ChessMood won by resignation"]

1. e4 c5 2. d3 Nc6 3. g3 d5 4. Nd2 Nf6 5. Bg2 g6 6. Ngf3 Bg7 7. O-O O-O 8. c3 e5 9. exd5 Nxd5 10. Qa4 Re8 11.
Re1 Nb6 12. Qb5 Nd7 13. Ne4 Qb6 14. Qxb6 axb6 15. Nd6 Re6 16. Nxc8 Rxc8 17. Nd2 b5 18. Nb3 Rd6 19. Bf1 b6 20. a4 b4 21. Nd2 Na5 22.
Nc4 Nxc4 23. dxc4 f5 24. f3 Ra8 25. Be3 Kf7 26. Be2 bxc3 27. bxc3 Ke6 28. Reb1 Ra6 29. Ra2 Bf6 30. Kf2 h5 31. Rd1 Rxd1 32. Bxd1 Nb8 33. Be2 Nc6 34. Ke1 Nd8 35. Kd2 Nb7 36. Kc2 Nd6 37. Kb3 g5 38. Rd2 Ra8 39. h3 Nb7 40.
Rd1 Rd8 41. Rxd8 Bxd8 42. g4 hxg4 43. hxg4 fxg4 44. fxg4 e4 45. Bf2 Bf6 46. Bg3 Be5 47.
Bf2 Bf4 48. Be1 Ke5 49. Bf2 Na5+ 50. Kc2 e3 51. Be1 Ke4 52. Kd1 Be5 53. Kc2 Bh2 54. Kd1 Bc7 55. Kc2 Nc6 56. Kd1 Bf4 57. Kc2 Ne5 58. Kb3 Nd3 0-1

[Event "*** Titled Tuesday Blitz"]
[Site "Chess.com"]
[Date "2020.04.14"]
[Round "1"]
[White "Dhaydon19"]
[Black "AsaHoffmann"]
[Result "1/2-1/2"]
[WhiteElo "2629"]
[BlackElo "2305"]
[TimeControl "180+1"]
[EndTime "10:08:12 PDT"]
[Termination "Game drawn - insufficient material"]

1. Nf3 d6 2. g3 e5 3. Bg2 Nf6 4. c4 c6 5. Nc3 Be7 6. O-O O-O 7.
b3 Bf5 8. Bb2 h6 9. c5 e4 10.
Nd4 Bg6 11. cxd6 Bxd6 12. Nc2 Re8 13. Ne3 Na6 14. Rc1 Qe7 15. Nc4 Bc5 16. Na4 Rad8 17. Nxc5 Nxc5 18. Ba3 b6 19. Na5 Rc8 20. Nxc6 Rxc6 21.
b4 Nfd7 22. bxc5 Nxc5 23. Rc3 Rd8 24. Qc1 Rcd6 25. Rxc5 bxc5 26. Bxc5 Qd7 27. Bxd6 Qxd6 28. Rd1 a5 29. Qc4 Qb4 30. Qxb4 axb4 31. d3 exd3 32.
exd3 Rxd3 33. Rxd3 Bxd3 34. Bd5 Kf8 35. f4 Ke7 36.
Kf2 f6 37. Ke3 Bb1 38. Kd4 Kd6 39. Bb3 g5 40. fxg5 hxg5 41. Kc4 f5 42. Kxb4 f4 43.
gxf4 gxf4 44. a4 f3 45. Bc4 Bf5 46. Bf1 Ke5 47. a5 Be4 48. a6 Kf4 49. a7 Ke3 50. h4 Kf4 51. Kc3 Kg4 52. Kd4 Ba8 53. Ke3 Kxh4 54.
Kf4 Kh5 55. Kg3 Kg5 56. Bd3 Kf6 57. Kf2 Ke5 58. Bc2 Kd6 59. Bd1 Kc7 60. Bxf3 Bxf3 61. Kxf3 Kb7 62. a8=Q+ Kxa8 1/2-1/2

[Event "*** Titled Tuesday Blitz"]
[Site "Chess.com"]
[Date "2020.04.14"]
[Round "1"]
[White "Savagelittlemole"]
[Black "Generalas"]
[Result "1-0"]
[WhiteElo "2608"]
[BlackElo "2244"]
[TimeControl "180+1"]
[EndTime "10:08:12 PDT"]
[Termination "Savagelittlemole won by resignation"]

1. e4 e5 2. Nf3 Nc6 3. Bb5 a6 4.
Ba4 Nf6 5. O-O Be7 6. Re1 b5 7. Bb3 O-O 8. h3 Bb7 9. a4 d6 10. d3 Na5 11. Ba2 c5 12. Nbd2 Nc6 13. Nf1 Re8 14.
Ng3 g6 15. Ng5 d5 16. exd5 Nxd5 17. Nf3 Bf8 18. Bg5 f6 19. Bd2 Kh8 20. h4 Nd4 21. Nxd4 cxd4 22. h5 g5 23. Nf5 Qd7 24. Ng3 Nf4 25.
Bxf4 gxf4 26. Ne4 Qc6 27. f3 Bh6 28. Qe2 f5 29. Nf2 Rac8 30. Rac1 bxa4 31. Bf7 Re7 32. Bc4 Qb6 33. b3 a3 34. Ra1 Qb4 35. Ra2 a5 36. Rea1 a4 37. Rxa3 axb3 38. cxb3 Qc3 39. Ra7 Bf8 40. Nd1 Qb4 41. R1a4 Qb6 42. Qf2 Rce8 43.
Qh4 Rg7 44. h6 Rg6 45. Qh5 Bxf3 46. Qxf3 Rxh6 47. R4a6 Qb4 48. Rxh6 Qe1+ 49. Qf1 Qxf1+ 50. Kxf1 Bxh6 51. Bd5 Rc8 52. Bc4 Rb8 53. Nf2 Bg5 54. Ke2 Bh4 55. Kf3 Bg3 56. Nh3 Rc8 57. Ng5 Rb8 58.
Nf7+ Kg7 59. Nxe5+ Kf6 60. Nd7+ 1-0

[Event "*** Titled Tuesday Blitz"]
[Site "Chess.com"]
[Date "2020.04.14"]
[Round "1"]
[White "Nitzan_Steinberg"]
[Black "IMDT02"]
[Result "1-0"]
[WhiteElo "2893"]
[BlackElo "2479"]
[TimeControl "180+1"]
[EndTime "10:08:13 PDT"]
[Termination "Nitzan_Steinberg won on time"]

1. e4 c5 2. Nf3 Nc6 3. d4 cxd4 4. Nxd4 e5 5. Nb5 d6 6. c4 Be7 7. N1c3 a6 8. Na3 Be6 9. Be2 Nd4 10. Be3 Nxe2 11. Qxe2 Nf6 12. f3 O-O 13. O-O Nh5 14.
Rad1 f5 15. c5 fxe4 16. cxd6 Bg5 17. Nxe4 Bxe3+ 18. Qxe3 Bxa2 19. b3 Qa5 20. Nc4 Qb4 21.
Ncd2 Rac8 22. Rc1 Nf4 23. g3 Qd4 24. Qxd4 Ne2+ 25. Kf2 Nxd4 26. d7 Rcd8 27. Rc3 Rxd7 28. Ra1 Bxb3 29. Nxb3 Nxb3 30. Rxb3 Rc8 31. Rb2 Rcc7 32.
Ra5 Re7 33. Rc5 h6 34. Rb6 Kf8 35. h4 Rcd7 36. Rc8+ Kf7 37. Nd6+ Ke6 38. Nxb7+ Kd5 39. Rc5+ Kd4 40. Rb4+ Kd3 41. Na5 e4 42. Rxe4 Rxe4 43. fxe4 Kxe4 44. Rc6 Rf7+ 45. Kg2 Rf5 46. Rxa6 g5 47.
hxg5 1-0

[Event "*** Titled Tuesday Blitz"]
[Site "Chess.com"]
[Date "2020.04.14"]
[Round "1"]
[White "GuerrieroFromLevant"]
[Black "Raja3401"]
[Result "1/2-1/2"]
[WhiteElo "2353"]
[BlackElo "2687"]
[TimeControl "180+1"]
[EndTime "10:08:13 PDT"]
[Termination "Game drawn by agreement"]

1. e4 c5 2. Nf3 d6 3. Bb5+ Nd7 4. Ba4 Nf6 5. O-O g6 6. Re1 Bg7 7. c3 O-O 8. d4 Nb6 9. Bc2 cxd4 10. cxd4 Bg4 11.
Nc3 Rc8 12. h3 Bxf3 13. Qxf3 Nfd7 14. Be3 Nc4 15. Bb3 Nxb2 16. Nd5 Nc4 17. Bg5 Nf6 18. Bxf6 Bxf6 19. Qd3 b5 20. a4 Nb2 21. Nxf6+ exf6 22. Qxb5 Rb8 23. Qd5 Qb6 24. Re3 Qc7 25. Kh2 Rb4 26. Ra2 Qc1 27. Qxd6 Rfb8 28. Bd5 Nd1 29. Qxf6 Rf8 30.
Rf3 Qc7+ 31. g3 Nc3 32. Rc2 Nxd5 33. Rxc7 Nxf6 34. Rxf6 Rxd4 35. Rxa7 Rxe4 36. a5 Ra4 37. a6 Kg7 38. Rf3 h5 39. Kg2 Kh6 40. h4 Ra5 41.
Rf6 Kg7 42. Rf4 Kh6 43. Rf6 Kg7 44. Rb6 Kh6 45. Kh3 Ra2 46. Rf6 Kg7 47. Rf4 Kh6 48. f3 Ra3 49. g4 hxg4+ 50. Kxg4 Ra1 51. Rc4 Re8 52. Rxf7 Rxa6 53. Rcc7 Rh8 54. f4 Rb6 55.
Rfd7 Ra6 56. Ra7 Rxa7 57. Rxa7 Rc8 58. Ra6 Kg7 59. Kg5 Rc5+ 60. Kg4 Kh6 61. Rb6 Rd5 62. Ra6 Rc5 63. Rf6 Ra5 64. Re6 1/2-1/2

[Event "*** Titled Tuesday Blitz"]
[Site "Chess.com"]
[Date "2020.04.14"]
[Round "1"]
[White "Alexandercs432"]
[Black "kingofthenil"]
[Result "1/2-1/2"]
[WhiteElo "2113"]
[BlackElo "2533"]
[TimeControl "180+1"]
[EndTime "10:08:13 PDT"]
[Termination "Game drawn - insufficient material"]

1. e4 Nc6 2. Nf3 d6 3. h3 Nf6 4. Nc3 g6 5. d4 Bg7 6. Be3 a6 7.
Be2 O-O 8. O-O b5 9. a3 Bb7 10. Re1 e5 11. dxe5 dxe5 12. Qxd8 Rfxd8 13. Rad1 Bf8 14. Rxd8 Rxd8 15. Rd1 Rxd1+ 16. Bxd1 b4 17. axb4 Bxb4 18. Nd5 Bd6 19. Nxf6+ Kg7 20. Ne8+ Kf8 21. Nxd6 cxd6 22. c3 Na5 23. Nd2 Ke7 24. b4 Nc6 25. f3 Nd8 26.
Kf2 Ne6 27. g3 f5 28. Bb3 f4 29. gxf4 exf4 30. Bd4 Nc7 31. c4 Ne6 32. Bc3 Bc6 33.
Nb1 h5 34. Na3 Nc7 35. Bc2 g5 36. Bd1 Bd7 37. Bc2 Bxh3 38. Kg1 Be6 39. Bd3 Kf7 40. Kh2 g4 41. b5 axb5 42. cxb5 Na8 43. Bc4 Nb6 44. Bxe6+ Kxe6 45. fxg4 hxg4 46. Kg2 d5 47.
exd5+ Kxd5 48. Bd2 Ke4 49. Nc2 Kd3 50. Bxf4 Kxc2 51.
Kg3 Kd3 52. Kxg4 Kc4 53. Be3 Nd7 54. b6 Kd5 55. b7 Kc6 56. Bf4 Kxb7 1/2-1/2

[Event "*** Titled Tuesday Blitz"]
[Site "Chess.com"]
[Date "2020.04.14"]
[Round "1"]
[White "VitaliyBernadskiy"]
[Black "maxip32"]
[Result "0-1"]
[WhiteElo "2767"]
[BlackElo "2428"]
[TimeControl "180+1"]
[EndTime "10:08:14 PDT"]
[Termination "maxip32 won on time"]

1. e4 c5 2. Nc3 d6 3. f4 g6 4. Nf3 Bg7 5. Bb5+ Bd7 6. Bc4 Nc6 7.
d3 Na5 8. Bd2 Nxc4 9. dxc4 Nf6 10. Qe2 O-O 11. O-O-O a6 12. e5 Ne8 13. Ne4 b5 14.
Bc3 bxc4 15. h4 h5 16. Rhe1 Qc7 17. exd6 exd6 18. Bxg7 Kxg7 19. Qxc4 Bf5 20. Qc3+ Kg8 21. Ng3 Bg4 22. f5 Bxf5 23. Nxf5 gxf5 24. Qd2 Ng7 25. Qxd6 Qa5 26. Qd5 Rfe8 27. Rxe8+ Rxe8 28. Ng5 Qc7 29. a3 Qf4+ 30. Kb1 Qc7 31. Ka2 f4 32. Rd3 a5 33.
Rc3 Rc8 34. Qe4 Kf8 35. Nh7+ Kg8 36. Nf6+ Kf8 37. Qh7 Ne6 38. Qg8+ Ke7 39. Nd5+ Kd6 40. Nxc7 Rxg8 41. Nxe6 fxe6 42. Rf3 e5 43. Rf2 Rg4 44. Kb3 Rxh4 45. Kc3 e4 46. Re2 Ke5 47. Kd2 Rg4 48.
Ke1 e3 49. Kf1 Ke4 50. Re1 f3 51. gxf3+ Kxf3 52. c3 h4 53. b4 h3 0-1

[Event "*** Titled Tuesday Blitz"]
[Site "Chess.com"]
[Date "2020.04.14"]
[Round "1"]
[White "grunbergmihai"]
[Black "Zurability"]
[Result "0-1"]
[WhiteElo "2350"]
[BlackElo "2700"]
[TimeControl "180+1"]
[EndTime "10:08:14 PDT"]
[Termination "Zurability won by resignation"]

1. Nf3 d5 2. c4 e6 3. g3 Nf6 4. Bg2 Be7 5. O-O O-O 6. d4 c6 7. Qc2 Nbd7 8. Rd1 b6 9. b3 Bb7 10. Nc3 Rc8 11. e4 c5 12. exd5 exd5 13. Qf5 dxc4 14.
d5 Bd6 15. bxc4 Ba6 16. Bg5 h6 17. Bh4 Qc7 18. Bxf6 Nxf6 19. Nd2 Be5 20. Rac1 Rfe8 21. Nce4 Nxe4 22. Nxe4 Rcd8 23. h4 Bd4 24. Kh2 Bc8 25. Qf3 Re5 26. Rc2 Bf5 27. Re2 Rde8 28. Rde1 Qd8 29.
Nd2 Rxe2 30. Rxe2 g6 31. Bh3 Bc2 32. Rxe8+ Qxe8 33. d6 Ba4 34. Ne4 Bc6 35. Nf6+ Bxf6 36. Qxf6 Qe4 37. f3 Qe2+ 38. Bg2 Qd2 39. h5 gxh5 40.
Kh3 Qg5 41. Qxg5+ hxg5 42. f4 g4+ 43. Kh4 Bd7 44. Kxh5 Kg7 45. Be4 Kf6 46. f5 Ke5 47. Bc2 Kxd6 48. Kxg4 Ke5 49. Kg5 f6+ 50. Kg6 Be8+ 51.
Kg7 Bh5 52. a3 Bg4 53. Kg6 Be2 54. Bb1 Bxc4 55. g4 b5 56. g5 fxg5 57. f6 g4 58. Kg7 g3 59. Bd3 Bxd3 60. f7 g2 61. f8=Q g1=Q+ 62. Kh8 Qh2+ 0-1

[Event "*** Titled Tuesday Blitz"]
[Site "Chess.com"]
[Date "2020.04.14"]
[Round "1"]
[White "GM4life"]
[Black "Noam_Vitenberg"]
[Result "0-1"]
[WhiteElo "2168"]
[BlackElo "2563"]
[TimeControl "180+1"]
[EndTime "10:08:14 PDT"]
[Termination "Noam_Vitenberg won on time"]

1. e4 c6 2. d4 d5 3. e5 Bf5 4. h4 h5 5. Bd3 Bxd3 6. Qxd3 e6 7.
Bg5 Qa5+ 8. Nd2 Qa6 9. c4 Nd7 10. Ngf3 Ne7 11. O-O Nf5 12. Qc3 Be7 13. g3 O-O 14. Rfe1 Rac8 15. a3 c5 16. dxc5 Bxc5 17. b4 Be7 18. c5 b6 19. c6 b5 20. Rac1 Nb6 21. Qd3 Nc4 22. Bxe7 Nxe7 23. Ng5 Nf5 24. Nb3 Rxc6 25. Nc5 Qxa3 26. Qe2 g6 27. Nd7 Qxb4 28. Nf6+ Kg7 29. Nxh5+ gxh5 30. Qxh5 Nh6 31. g4 Nxe5 32. Rb1 Qf4 33. Rxb5 Rc2 34. Nh3 Qxg4+ 35. Qxg4+ Nexg4 36. Rb7 Rfc8 37. Ng5 R2c7 38. Rb4 Nf6 39. Ra4 Nf5 40. Rb1 Nh7 41. Nf3 Rg8 42. Rba1 Kf6+ 43. Kh2 Rc4 44. Rxa7 Nxh4 45. Nd2 Rd4 46. Nb3 Rf4 47.
Nc5 Rxf2+ 48. Kh3 Nf5 49. Nd7+ Ke7 50. Ne5+ Kd6 51. Nxf7+ Kc5 52. Rc1+ Kd4 53. Ra4+ Ke3 54. Rc3+ Kd2 55. Rb3 Ne3 56. Ra2+ Nc2 0-1

[Event "*** Titled Tuesday Blitz"]
[Site "Chess.com"]
[Date "2020.04.14"]
[Round "1"]
[White "Jenia84"]
[Black "johnathan113"]
[Result "1/2-1/2"]
[WhiteElo "2313"]
[BlackElo "2646"]
[TimeControl "180+1"]
[EndTime "10:08:16 PDT"]
[Termination "Game drawn by repetition"]

1. e4 g6 2. d4 Nf6 3. Nc3 d5 4. e5 Ne4 5. Nxe4 dxe4 6. c3 c5 7.
Be3 Bg7 8. Bb5+ Bd7 9. Bxd7+ Qxd7 10. Ne2 O-O 11. O-O Nc6 12. Qd2 Rfd8 13. Rfd1 Qe6 14.
Qc2 cxd4 15. cxd4 f5 16. exf6 Bxf6 17. Nf4 Qf5 18. d5 Ne5 19. Ne6 Rdc8 20. Qb3 Kh8 21. d6 exd6 22. Rxd6 Nc4 23. Nd4 Qe5 24. Re6 Qxd4 25. Bxd4 Bxd4 26. Qxb7 e3 27. fxe3 Nxe3 28. Kh1 Ng4 29. h3 Nf2+ 30. Kh2 Rab8 31. Qd7 Rd8 32. Qf7 Rf8 33. Qe7 Bb6 34. Rf1 Ng4+ 35. hxg4 Rxf1 36. Rd6 Rbf8 37. Rd7 R8f7 38. Qe5+ Kg8 39.
Rxf7 Rxf7 40. Kh3 Bc7 41. Qe8+ Kg7 42. g5 Bb6 43. Qe5+ Kg8 44. b4 Rf5 45. Qe6+ Kg7 46. a4 Rxg5 47. a5 Bg1 48. Qe7+ Kh6 49. Qf8+ Kh5 50. Qf3+ Kh6 51. Qf8+ Kh5 52. b5 Rf5 53.
Qg7 Kg5 54. Qe7+ Kh6 55. Qe6 Rxb5 56. a6 Rh5+ 57. Kg4 Bb6 58. Qf7 Rg5+ 59. Kh3 Rh5+ 60. Kg3 Rg5+ 61. Kh3 Rf5 62. Qe7 Rh5+ 63. Kg4 Rf5 64.
Kh3 Rh5+ 65. Kg4 Rf5 66. Kh3 1/2-1/2

[Event "*** Titled Tuesday Blitz"]
[Site "Chess.com"]
[Date "2020.04.14"]
[Round "1"]
[White "CaspiIsrael"]
[Black "WinstonSilvakov"]
[Result "0-1"]
[WhiteElo "2531"]
[BlackElo "2151"]
[TimeControl "180+1"]
[EndTime "10:08:16 PDT"]
[Termination "WinstonSilvakov won by resignation"]

1. e4 Nf6 2. e5 Nd5 3. d4 d6 4. c4 Nb6 5. f4 dxe5 6. fxe5 c5 7. d5 e6 8. d6 Qh4+ 9. g3 Qe4+ 10. Qe2 Qxh1 11. Nf3 Nc6 12. Be3 Nxc4 13. Bxc5 g5 14. Nc3 g4 15. Qxc4 Qxf3 16. Nb5 Nxe5 17. Qa4 Bd7 18. Nc7+ Kd8 19. Qa5 Qe4+ 20. Be2 Nd3+ 21.
Kd1 Nxb2+ 22. Kc1 b6 23. Bxb6 Qc6+ 24. Kxb2 Rb8 25. Nxe6+ Ke8 26. Nc7+ Kd8 27. Ne6+ Kc8 28. Ba6+ Rb7 29. Bxb7+ Qxb7 30. Rc1+ Kb8 31. Ka3 axb6 32. Qe5 fxe6 33. Qxh8 Qf3+ 34. Kb2 Qf7 35. Kb1 Kb7 36. Qc3 Bxd6 37. Qd4 Qf5+ 38. Rc2 Qd5 39. Qxd5+ exd5 40. Rf2 Kc6 41. Rf7 d4 42. Kc2 Be6 43. Rg7 Kd5 44. Kd3 Bf5+ 45. Ke2 d3+ 46. Kd1 Bb4 47.
Rg5 Ke5 48. Rh5 d2 49. a3 Ba5 50. Rg5 Kf6 51. Rh5 Be4 52. Rh6+ Kg5 53. Rxh7 Bf3+ 54.
Kc2 d1=Q+ 0-1

[Event "*** Titled Tuesday Blitz"]
[Site "Chess.com"]
[Date "2020.04.14"]
[Round "1"]
[White "ninullia"]
[Black "Yaacovn"]
[Result "0-1"]
[WhiteElo "2492"]
[BlackElo "2938"]
[TimeControl "180+1"]
[EndTime "10:08:17 PDT"]
[Termination "Yaacovn won by resignation"]

1. d4 Nf6 2. c4 e5 3. dxe5 Ne4 4.
a3 d6 5. Nf3 Bf5 6. e3 Nc6 7.
Be2 Nxe5 8. Nxe5 dxe5 9. Qxd8+ Rxd8 10. O-O Nc5 11. Nd2 Bd3 12. Bxd3 Nxd3 13. Ne4 f5 14. Nc3 e4 15. Rb1 g6 16. Nd5 c6 17. Nf4 Bg7 18. Rd1 Nxf4 19. Rxd8+ Kxd8 20. exf4 Ke7 21. Be3 b6 22. Kf1 Rd8 23. Ke2 Rd3 24. b3 c5 25. b4 cxb4 26. axb4 Kd7 27. c5 b5 28. h4 h5 29. Rc1 Kc6 30. Rc2 Rb3 31. Ra2 Rb2+ 32.
Rxb2 Bxb2 33. Bd2 Bd4 34. f3 exf3+ 35. Kxf3 a5 36. bxa5 Bxc5 37. Ke2 Kb7 38. Be1 Ka6 39. Kd3 Bd6 40. g3 b4 41. Kc4 Kxa5 42. Kb3 Kb5 43. Bf2 Bc5 44. Be1 Be7 45. Bf2 Bd6 46. Be3 Bc5 47.
Bd2 Bf2 48. Bxb4 Bxg3 49. Be7 Bxf4 50. Kc3 Bg3 51. Kd3 Kc6 52. Ke2 Kd5 53. Kf3 Be5 54.
Bg5 Ke6 55. Bd8 Bf6 56. Bc7 Bxh4 57. Bb8 Bf6 58. Bc7 g5 59. Bb8 Be5 60. Ba7 g4+ 61.
Kg2 h4 62. Kh1 h3 63. Bg1 f4 64. Ba7 Kf5 65. Bb6 g3 66. Kg1 Ke4 67. Kh1 Bd4 68. Bc7 g2+ 0-1

[Event "*** Titled Tuesday Blitz"]
[Site "Chess.com"]
[Date "2020.04.14"]
[Round "1"]
[White "juniortay"]
[Black "obliviate12"]
[Result "1/2-1/2"]
[WhiteElo "2480"]
[BlackElo "2863"]
[TimeControl "180+1"]
[EndTime "10:08:17 PDT"]
[Termination "Game drawn by repetition"]

1. e4 c5 2. Nf3 d6 3. d4 cxd4 4. Nxd4 Nf6 5. Nc3 a6 6. f4 e5 7.
Nf3 Nbd7 8. Bd3 Be7 9. O-O O-O 10.
a4 Qc7 11. Kh1 Nc5 12. fxe5 dxe5 13. Qe1 Re8 14. Qg3 Bd8 15. Bg5 Be6 16. Qxe5 Nfd7 17. Qxc7 Bxc7 18. Nd4 Be5 19. Nxe6 Nxe6 20. Bd2 Rac8 21.
Nd5 Ndc5 22. Bc3 Bxc3 23. Nxc3 Nd4 24. Rac1 Rc7 25. g3 Rd7 26. Kg2 h6 27. Rf2 f6 28.
Bc4+ Kh7 29. Bd5 b5 30. axb5 axb5 31. b4 Na6 32. Na2 Nc7 33. c4 bxc4 34. Rxc4 Nxd5 35. exd5 Rxd5 36. Nc3 Rdd8 37. Rd2 Nf5 38. Rxd8 Rxd8 39. Rc7 Ne3+ 40. Kf3 Nd5 41. Nxd5 Rxd5 42. Rc5 Rd2 43. h4 Rb2 44. b5 Kg6 45. h5+ Kf7 46. Ke4 Ke6 47.
Rc6+ Kd7 48. Rc5 Kd6 49. Rc6+ Kd7 50. Rc5 Rb3 51. g4 Kd6 52. Rc6+ Kd7 53. Rc5 Ke6 54.
Rc6+ Kd7 55. Rc5 1/2-1/2